[ PARTIDA AOE2 · #465400777 ]
UnrankedFrancos vs Khmer
[ ANÁLISIS DE REPETICIÓN · EXTRAÍDO DE LA PARTIDA GRABADA ]
Feudal
13:01
Castillos
18:15
Imperial
32:43
| APM promedio | 29.4 |
| APM pico | 54 |
| eAPM promedio | 24.4 |
| Aldeanos / militares | 128 / 87 |
Foco
⚔️ 16.4% · 🌾 83.6%
Knight ×86 · Trade Cart ×6 · Petard ×1
Feudal
—
Castillos
—
Imperial
—
| APM promedio | 18.3 |
| APM pico | 133 |
| eAPM promedio | 14.3 |
| Aldeanos / militares | 126 / 48 |
Foco
⚔️ 12.9% · 🌾 87.1%
Ballista Elephant ×38 · Trebuchet (Packed) ×10
Feudal
11:49
Castillos
18:18
Imperial
24:30
| APM promedio | 15.4 |
| APM pico | 61 |
| eAPM promedio | 8.6 |
| Aldeanos / militares | 36 / 155 |
Foco
⚔️ 29.3% · 🌾 70.7%
Militia ×110 · Spearman ×28 · Archer ×16 · Monk ×1
Feudal
12:04
Castillos
22:24
Imperial
38:25
| APM promedio | 26.5 |
| APM pico | 95 |
| eAPM promedio | 22.1 |
| Aldeanos / militares | 111 / 264 |
Foco
⚔️ 32.9% · 🌾 67.1%
Eagle Scout ×250 · Trade Cart ×23 · Fishing Ship ×22 · Demolition Raft ×11 · Militia ×2 · Trade Cog ×1
Feudal
14:03
Castillos
18:17
Imperial
32:26
| APM promedio | 14.9 |
| APM pico | 42 |
| eAPM promedio | 11.4 |
| Aldeanos / militares | 116 / 189 |
Foco
⚔️ 23.6% · 🌾 76.4%
Camel Archer ×143 · Genitour ×45 · Trade Cart ×7 · Monk ×1
Feudal
10:47
Castillos
15:04
Imperial
30:08
| APM promedio | 20.9 |
| APM pico | 51 |
| eAPM promedio | 13.4 |
| Aldeanos / militares | 122 / 343 |
Foco
⚔️ 29.2% · 🌾 70.8%
Spearman ×233 · Hand Cannoneer ×98 · Trade Cart ×13 · Bombard Cannon ×10 · Monk ×2
Feudal
13:55
Castillos
18:12
Imperial
32:10
| APM promedio | 20.9 |
| APM pico | 46 |
| eAPM promedio | 13.8 |
| Aldeanos / militares | 136 / 111 |
Foco
⚔️ 18.0% · 🌾 82.0%
Camel Scout ×85 · Hand Cannoneer ×25 · Trade Cart ×5 · Monk ×1
Feudal
11:21
Castillos
15:18
Imperial
29:47
| APM promedio | 34.3 |
| APM pico | 118 |
| eAPM promedio | 16.6 |
| Aldeanos / militares | 202 / 201 |
Foco
⚔️ 20.6% · 🌾 79.4%
Steppe Lancer ×193 · Trade Cart ×38 · Trebuchet (Packed) ×7 · Monk ×1
Mapa de la partida
Recursos iniciales + cada clic de construcción. Líneas = muros · curvas = relieve. ◆ oro · ⬟ piedra · ● bayas · ✦ reliquia · ◌ hueco del cierre
Tu base· ✓ Cerrada en 18:15 · 62t muro · sin puerta
Base de M B Lamar4686· Abierta — el rival se encerró
Base de Dark_Blade· ✓ Cerrada en 18:18 · 9t muro · sin puerta
Base de Ryαn· Abierta — el rival se encerró
Base de Amazambane· ✓ Cerrada en 18:17 · 14t muro · sin puerta
Base de Marcos__2025· Abierta — el rival se encerró
Base de TwoBeers· ✓ Cerrada en 18:12 · 2t muro · 1 puerta(s)
Base de 专业下包小能手· Abierta — el rival se encerró
Terreno inicial suavizado · ◌ = hueco del cierre detectado · pasá el cursor para detalles
Inputs por minuto
— Wolf - - M B Lamar4686
Build order — Wolf
Primeras 150 de 364 acciones detectadas
| 0:02 | Investigar | Loom |
| 0:02 | Crear | Villager (Male) |
| 0:02 | Crear | Villager (Male) |
| 0:03 | Crear | Villager (Male) |
| 0:16 | Construir | Palisade Wall |
| 0:21 | Crear | Villager (Male) |
| 0:21 | Crear | Villager (Male) |
| 0:25 | Construir | Palisade Wall |
| 1:03 | Construir | Palisade Wall |
| 1:06 | Construir | Palisade Wall |
| 1:18 | Construir | House |
| 1:18 | Construir | House |
| 1:38 | Construir | Palisade Wall |
| 1:42 | Construir | Palisade Wall |
| 1:43 | Construir | Palisade Wall |
| 2:01 | Construir | Palisade Wall |
| 3:02 | Crear | Villager (Male) |
| 3:02 | Crear | Villager (Male) |
| 3:28 | Construir | House |
| 3:35 | Crear | Villager (Male) |
| 3:35 | Crear | Villager (Male) |
| 4:00 | Crear | Villager (Male) |
| 4:00 | Crear | Villager (Male) |
| 4:30 | Crear | Villager (Male) |
| 4:30 | Crear | Villager (Male) |
| 4:54 | Crear | Villager (Male) |
| 4:54 | Crear | Villager (Male) |
| 5:10 | Construir | House |
| 5:11 | Construir | House |
| 5:24 | Crear | Villager (Male) |
| 5:24 | Crear | Villager (Male) |
| 6:13 | Crear | Villager (Male) |
| 6:13 | Crear | Villager (Male) |
| 6:17 | Construir | Lumber Camp |
| 6:31 | Crear | Villager (Male) |
| 6:31 | Crear | Villager (Male) |
| 6:58 | Crear | Villager (Male) |
| 6:58 | Crear | Villager (Male) |
| 6:59 | Crear | Villager (Male) |
| 7:29 | Crear | Villager (Male) |
| 7:29 | Crear | Villager (Male) |
| 7:30 | Crear | Villager (Male) |
| 8:06 | Construir | Mill |
| 8:08 | Crear | Villager (Male) |
| 8:08 | Crear | Villager (Male) |
| 8:08 | Crear | Villager (Male) |
| 8:45 | Crear | Villager (Male) |
| 8:45 | Crear | Villager (Male) |
| 8:46 | Crear | Villager (Male) |
| 9:11 | Crear | Villager (Male) |
| 9:11 | Crear | Villager (Male) |
| 9:26 | Construir | Mill |
| 9:42 | Construir | Palisade Wall |
| 9:43 | Construir | Palisade Wall |
| 10:14 | Construir | Palisade Wall |
| 10:51 | Investigar | Feudal Age |
| 10:51 | Investigar | Feudal Age |
| 10:59 | Construir | Barracks |
| 11:36 | Crear | Villager (Male) |
| 11:59 | Construir | Mining Camp |
| 12:20 | Crear | Villager (Male) |
| 13:01 | Edad | Edad Feudal |
| 13:07 | Construir | Stone Wall |
| 13:13 | Construir | Stone Wall |
| 13:19 | Crear | Villager (Male) |
| 13:26 | Construir | Market |
| 13:32 | Crear | Villager (Male) |
| 13:35 | Construir | House |
| 13:36 | Construir | House |
| 13:45 | Construir | House |
| 13:48 | Construir | House |
| 13:57 | Crear | Villager (Male) |
| 14:39 | Crear | Villager (Male) |
| 15:04 | Construir | Blacksmith |
| 15:35 | Investigar | Castle Age |
| 15:36 | Investigar | Castle Age |
| 15:40 | Construir | Farm |
| 15:44 | Construir | Farm |
| 15:56 | Construir | Farm |
| 16:02 | Construir | Farm |
| 16:04 | Crear | Villager (Male) |
| 16:07 | Construir | Farm |
| 16:42 | Construir | Stable |
| 16:53 | Construir | House |
| 17:00 | Construir | Farm |
| 17:06 | Construir | Farm |
| 17:13 | Crear | Villager (Male) |
| 17:31 | Construir | Lumber Camp |
| 18:11 | Crear | Trade Cart |
| 18:15 | Edad | Edad de los Castillos |
| 18:16 | Crear | Villager (Male) |
| 18:19 | Crear | Knight |
| 18:19 | Crear | Knight |
| 18:28 | Construir | Mining Camp |
| 18:34 | Construir | Farm |
| 18:53 | Investigar | Double-Bit Axe |
| 19:00 | Crear | Trade Cart |
| 19:22 | Construir | Farm |
| 19:29 | Construir | Farm |
| 19:32 | Crear | Knight |
| 19:33 | Crear | Knight |
| 19:47 | Construir | Farm |
| 19:55 | Construir | Farm |
| 19:55 | Construir | Farm |
| 19:58 | Crear | Villager (Male) |
| 19:58 | Crear | Villager (Male) |
| 20:04 | Construir | Farm |
| 20:16 | Construir | House |
| 20:17 | Construir | House |
| 20:17 | Construir | House |
| 20:20 | Crear | Villager (Male) |
| 20:20 | Crear | Villager (Male) |
| 20:30 | Crear | Villager (Male) |
| 20:31 | Crear | Villager (Male) |
| 20:42 | Construir | Farm |
| 20:48 | Crear | Knight |
| 20:48 | Crear | Knight |
| 20:53 | Construir | Farm |
| 21:03 | Crear | Villager (Male) |
| 21:21 | Crear | Knight |
| 21:25 | Crear | Trade Cart |
| 21:36 | Crear | Villager (Male) |
| 21:46 | Construir | Farm |
| 21:53 | Crear | Knight |
| 21:54 | Crear | Knight |
| 22:03 | Crear | Villager (Male) |
| 22:15 | Crear | Knight |
| 22:15 | Crear | Knight |
| 22:19 | Crear | Villager (Male) |
| 22:19 | Crear | Villager (Male) |
| 22:35 | Crear | Trade Cart |
| 22:36 | Crear | Villager (Male) |
| 22:37 | Crear | Villager (Male) |
| 22:37 | Crear | Villager (Male) |
| 22:45 | Construir | Farm |
| 22:53 | Construir | Farm |
| 22:55 | Crear | Villager (Male) |
| 23:04 | Crear | Knight |
| 23:04 | Crear | Knight |
| 23:07 | Crear | Villager (Male) |
| 23:07 | Crear | Villager (Male) |
| 23:07 | Crear | Villager (Male) |
| 23:10 | Construir | House |
| 23:11 | Construir | House |
| 23:31 | Crear | Knight |
| 23:31 | Crear | Knight |
| 23:35 | Crear | Villager (Male) |
| 23:35 | Crear | Villager (Male) |
| 23:43 | Crear | Villager (Male) |
| 23:43 | Crear | Villager (Male) |
Build order — M B Lamar4686
Primeras 150 de 241 acciones detectadas
| 0:10 | Crear | Villager (Male) |
| 0:13 | Investigar | Loom |
| 0:34 | Construir | Palisade Wall |
| 0:56 | Construir | House |
| 1:00 | Construir | House |
| 1:12 | Construir | Palisade Gate |
| 1:21 | Construir | Palisade Wall |
| 1:29 | Crear | Villager (Male) |
| 1:30 | Crear | Villager (Male) |
| 1:30 | Crear | Villager (Male) |
| 2:56 | Crear | Villager (Male) |
| 3:33 | Crear | Villager (Male) |
| 3:34 | Crear | Villager (Male) |
| 4:10 | Construir | Lumber Camp |
| 4:22 | Crear | Villager (Male) |
| 4:49 | Crear | Villager (Male) |
| 5:06 | Crear | Villager (Male) |
| 5:30 | Construir | House |
| 5:35 | Crear | Villager (Male) |
| 5:36 | Crear | Villager (Male) |
| 6:29 | Crear | Villager (Male) |
| 6:30 | Crear | Villager (Male) |
| 7:03 | Construir | Mill |
| 8:00 | Construir | Palisade Gate |
| 8:07 | Construir | Palisade Wall |
| 8:17 | Crear | Villager (Male) |
| 8:17 | Crear | Villager (Male) |
| 8:36 | Crear | Villager (Male) |
| 8:38 | Crear | Villager (Male) |
| 9:18 | Construir | House |
| 9:20 | Construir | House |
| 10:17 | Crear | Villager (Male) |
| 10:23 | Crear | Villager (Male) |
| 10:56 | Investigar | Feudal Age |
| 11:22 | Construir | Mill |
| 12:40 | Crear | Villager (Male) |
| 12:47 | Construir | Barracks |
| 13:06 | Crear | Villager (Male) |
| 13:07 | Crear | Villager (Male) |
| 13:17 | Construir | Mining Camp |
| 13:41 | Crear | Villager (Male) |
| 13:58 | Construir | Farm |
| 14:05 | Construir | Farm |
| 14:19 | Construir | Blacksmith |
| 14:27 | Construir | Stable |
| 14:36 | Crear | Villager (Male) |
| 14:52 | Construir | Farm |
| 15:28 | Investigar | Castle Age |
| 15:55 | Investigar | Double-Bit Axe |
| 16:51 | Construir | Farm |
| 16:57 | Construir | Farm |
| 17:06 | Construir | Farm |
| 17:21 | Construir | Mining Camp |
| 17:39 | Investigar | Stone Mining |
| 17:42 | Investigar | Gold Mining |
| 18:05 | Crear | Villager (Male) |
| 18:07 | Crear | Villager (Male) |
| 18:08 | Crear | Villager (Male) |
| 18:25 | Construir | Town Center |
| 18:34 | Crear | Villager (Male) |
| 18:51 | Construir | Farm |
| 19:02 | Crear | Villager (Male) |
| 19:11 | Construir | Farm |
| 19:16 | Construir | Farm |
| 19:30 | Construir | Farm |
| 19:43 | Crear | Villager (Male) |
| 19:43 | Crear | Villager (Male) |
| 20:06 | Construir | Farm |
| 20:18 | Investigar | Horse Collar |
| 20:33 | Crear | Villager (Male) |
| 20:38 | Crear | Villager (Male) |
| 20:43 | Construir | House |
| 20:45 | Construir | House |
| 20:47 | Construir | House |
| 20:49 | Construir | House |
| 20:54 | Construir | House |
| 20:57 | Construir | House |
| 20:59 | Construir | House |
| 21:07 | Crear | Villager (Male) |
| 21:09 | Crear | Villager (Male) |
| 21:21 | Crear | Villager (Male) |
| 21:24 | Construir | Farm |
| 21:30 | Construir | Farm |
| 21:39 | Crear | Villager (Male) |
| 21:49 | Crear | Villager (Male) |
| 21:59 | Construir | Farm |
| 22:25 | Crear | Villager (Male) |
| 22:28 | Crear | Villager (Male) |
| 22:31 | Crear | Villager (Male) |
| 22:36 | Crear | Villager (Male) |
| 22:56 | Crear | Villager (Male) |
| 23:00 | Crear | Villager (Male) |
| 23:14 | Crear | Villager (Male) |
| 23:23 | Crear | Villager (Male) |
| 23:27 | Construir | Farm |
| 23:33 | Construir | Farm |
| 23:42 | Construir | Farm |
| 24:13 | Construir | Farm |
| 24:16 | Crear | Villager (Male) |
| 24:17 | Crear | Villager (Male) |
| 24:19 | Crear | Villager (Male) |
| 24:19 | Crear | Villager (Male) |
| 24:21 | Crear | Villager (Male) |
| 24:37 | Construir | Castle |
| 24:46 | Crear | Villager (Male) |
| 24:49 | Crear | Villager (Male) |
| 24:57 | Construir | Farm |
| 24:58 | Construir | Farm |
| 25:06 | Construir | Farm |
| 25:08 | Construir | Farm |
| 25:10 | Construir | Farm |
| 25:19 | Construir | Farm |
| 25:43 | Investigar | Wheelbarrow |
| 25:46 | Investigar | Town Watch |
| 25:49 | Crear | Villager (Male) |
| 25:49 | Crear | Villager (Male) |
| 25:50 | Crear | Villager (Male) |
| 25:50 | Crear | Villager (Male) |
| 26:07 | Construir | Lumber Camp |
| 26:16 | Construir | Farm |
| 26:50 | Crear | Villager (Male) |
| 26:52 | Crear | Villager (Male) |
| 26:55 | Construir | Farm |
| 27:03 | Construir | Farm |
| 27:10 | Construir | Farm |
| 27:50 | Investigar | Imperial Age |
| 28:03 | Crear | Villager (Male) |
| 28:03 | Crear | Villager (Male) |
| 28:04 | Crear | Villager (Male) |
| 28:16 | Investigar | Bow Saw |
| 28:28 | Investigar | Heavy Plow |
| 28:46 | Investigar | Gold Shaft Mining |
| 28:59 | Construir | Farm |
| 28:59 | Construir | Farm |
| 29:00 | Construir | Farm |
| 29:00 | Construir | Farm |
| 29:01 | Construir | Farm |
| 29:02 | Construir | Farm |
| 29:13 | Investigar | Scale Barding Armor |
| 29:16 | Crear | Ballista Elephant ×2 |
| 29:31 | Construir | Castle |
| 29:48 | Investigar | Hand Cart |
| 29:53 | Crear | Villager (Male) |
| 29:53 | Crear | Villager (Male) |
| 29:57 | Crear | Villager (Male) |
| 30:03 | Construir | Farm |
| 30:17 | Crear | Villager (Male) |
| 30:18 | Crear | Villager (Male) |
| 30:19 | Crear | Villager (Male) |
| 30:19 | Crear | Villager (Male) |
Build order — Dark_Blade
Primeras 150 de 195 acciones detectadas
| 0:01 | Crear | Villager (Male) |
| 0:01 | Crear | Villager (Male) |
| 0:03 | Construir | House |
| 0:04 | Construir | House |
| 0:33 | Crear | Villager (Male) |
| 1:22 | Crear | Villager (Male) |
| 1:24 | Crear | Villager (Male) |
| 2:07 | Construir | Lumber Camp |
| 2:30 | Crear | Villager (Male) |
| 2:32 | Crear | Villager (Male) |
| 3:27 | Crear | Villager (Male) |
| 4:04 | Crear | Villager (Male) |
| 4:05 | Crear | Villager (Male) |
| 4:18 | Crear | Villager (Male) |
| 5:27 | Crear | Villager (Male) |
| 5:35 | Construir | House |
| 5:47 | Construir | House |
| 5:52 | Construir | Mill |
| 6:17 | Crear | Villager (Male) |
| 7:03 | Crear | Villager (Male) |
| 7:04 | Crear | Villager (Male) |
| 7:37 | Crear | Villager (Male) |
| 8:00 | Construir | Mining Camp |
| 8:39 | Crear | Villager (Male) |
| 8:55 | Construir | Mill |
| 9:10 | Crear | Villager (Male) |
| 9:14 | Crear | Villager (Male) |
| 9:16 | Crear | Villager (Male) |
| 9:31 | Investigar | Feudal Age |
| 10:37 | Construir | Palisade Wall |
| 10:45 | Crear | Villager (Male) |
| 10:46 | Crear | Villager (Male) |
| 11:49 | Edad | Edad Feudal |
| 12:19 | Crear | Villager (Male) |
| 12:53 | Crear | Villager (Male) |
| 12:53 | Crear | Villager (Male) |
| 13:02 | Investigar | Double-Bit Axe |
| 13:06 | Investigar | Horse Collar |
| 13:11 | Construir | Farm |
| 13:11 | Construir | Farm |
| 13:12 | Construir | Farm |
| 13:13 | Construir | Farm |
| 13:39 | Construir | House |
| 14:06 | Construir | Market |
| 14:15 | Construir | Blacksmith |
| 14:35 | Crear | Villager (Male) |
| 14:48 | Construir | House |
| 14:51 | Construir | House |
| 14:52 | Construir | House |
| 14:54 | Construir | House |
| 14:56 | Construir | House |
| 15:13 | Construir | Farm |
| 15:21 | Construir | Farm |
| 15:21 | Construir | Farm |
| 15:25 | Construir | Farm |
| 15:38 | Investigar | Castle Age |
| 16:58 | Construir | Farm |
| 16:59 | Construir | Farm |
| 16:59 | Construir | Farm |
| 17:32 | Construir | Farm |
| 18:18 | Edad | Edad de los Castillos |
| 18:36 | Construir | Monastery |
| 18:50 | Crear | Villager (Male) |
| 18:51 | Crear | Villager (Male) |
| 19:02 | Construir | University |
| 19:14 | Crear | Monk |
| 20:13 | Crear | Villager (Male) |
| 20:13 | Crear | Villager (Male) |
| 20:44 | Construir | Mining Camp |
| 20:47 | Crear | Villager (Male) |
| 21:20 | Investigar | Imperial Age |
| 22:15 | Construir | House |
| 22:17 | Construir | House |
| 22:18 | Construir | House |
| 22:20 | Construir | House |
| 22:22 | Construir | House |
| 22:23 | Construir | House |
| 22:26 | Construir | House |
| 22:28 | Construir | House |
| 22:31 | Construir | House |
| 23:19 | Construir | House |
| 24:30 | Edad | Edad Imperial |
| 24:36 | Construir | Feitoria |
| 24:40 | Construir | Feitoria |
| 25:15 | Construir | House |
| 25:18 | Construir | House |
| 25:28 | Construir | House |
| 25:29 | Construir | House |
| 25:31 | Construir | House |
| 25:33 | Construir | House |
| 25:40 | Construir | Feitoria |
| 26:15 | Investigar | Forging |
| 26:17 | Investigar | Scale Mail Armor |
| 27:09 | Construir | House |
| 27:11 | Construir | House |
| 27:13 | Construir | House |
| 27:53 | Construir | Barracks |
| 27:57 | Construir | Barracks |
| 27:59 | Construir | Barracks |
| 28:09 | Investigar | Iron Casting |
| 28:10 | Investigar | Chain Mail Armor |
| 28:36 | Construir | Feitoria |
| 29:06 | Construir | House |
| 29:07 | Construir | House |
| 29:08 | Construir | House |
| 29:12 | Construir | House |
| 29:15 | Construir | House |
| 29:17 | Construir | House |
| 29:19 | Construir | House |
| 29:35 | Investigar | Blast Furnace |
| 30:05 | Investigar | Gambesons |
| 30:11 | Investigar | Man-at-Arms (upgrade) |
| 30:46 | Construir | Barracks |
| 30:47 | Construir | Barracks |
| 31:13 | Construir | Feitoria |
| 31:51 | Construir | House |
| 31:53 | Construir | House |
| 31:55 | Construir | House |
| 31:57 | Construir | House |
| 31:59 | Construir | House |
| 32:01 | Construir | House |
| 32:02 | Construir | House |
| 32:04 | Construir | House |
| 32:05 | Construir | House |
| 32:14 | Construir | Barracks |
| 32:23 | Investigar | Plate Mail Armor |
| 33:00 | Construir | Barracks |
| 33:08 | Investigar | Long Swordsman (upgrade) |
| 33:20 | Crear | Militia ×5 |
| 33:21 | Crear | Militia ×5 |
| 33:37 | Crear | Villager (Male) |
| 33:38 | Crear | Villager (Male) |
| 33:38 | Crear | Villager (Male) |
| 33:39 | Crear | Villager (Male) |
| 33:39 | Crear | Villager (Male) |
| 33:45 | Investigar | Chemistry |
| 33:55 | Investigar | Two-Handed Swordsman (upgrade) |
| 33:58 | Investigar | Arson |
| 34:31 | Construir | Barracks |
| 34:43 | Investigar | Champion (upgrade) |
| 34:51 | Crear | Militia ×5 |
| 35:55 | Construir | Mining Camp |
| 36:14 | Construir | Barracks |
| 36:22 | Crear | Militia ×5 |
| 36:22 | Crear | Militia ×5 |
| 36:23 | Crear | Militia ×5 |
| 37:59 | Crear | Militia ×5 |
| 38:00 | Crear | Militia ×5 |
| 38:00 | Crear | Militia ×5 |
| 38:00 | Crear | Militia ×5 |
Build order — Ryαn
Primeras 150 de 634 acciones detectadas
| 0:12 | Construir | House |
| 0:13 | Construir | House |
| 0:16 | Crear | Villager (Male) |
| 0:17 | Crear | Villager (Male) |
| 0:17 | Crear | Villager (Male) |
| 0:17 | Crear | Villager (Male) |
| 1:57 | Crear | Villager (Male) |
| 2:35 | Crear | Villager (Male) |
| 2:44 | Investigar | Loom |
| 3:04 | Construir | Mill |
| 3:14 | Crear | Villager (Male) |
| 3:35 | Construir | Lumber Camp |
| 3:42 | Crear | Villager (Male) |
| 4:17 | Crear | Villager (Male) |
| 4:41 | Crear | Villager (Male) |
| 4:59 | Construir | House |
| 5:04 | Construir | House |
| 5:26 | Crear | Villager (Male) |
| 5:45 | Construir | Dock |
| 5:52 | Crear | Villager (Male) |
| 6:18 | Crear | Villager (Male) |
| 6:36 | Crear | Villager (Male) |
| 6:52 | Crear | Fishing Ship |
| 7:06 | Crear | Villager (Male) |
| 7:41 | Crear | Villager (Male) |
| 8:15 | Crear | Villager (Male) |
| 8:35 | Construir | House |
| 8:37 | Construir | House |
| 8:48 | Crear | Villager (Male) |
| 9:01 | Construir | Mining Camp |
| 9:38 | Construir | House |
| 9:54 | Investigar | Feudal Age |
| 11:32 | Crear | Villager (Male) |
| 11:32 | Crear | Villager (Male) |
| 11:32 | Crear | Villager (Male) |
| 12:04 | Edad | Edad Feudal |
| 12:04 | Crear | Villager (Male) |
| 12:10 | Investigar | Horse Collar |
| 12:20 | Investigar | Double-Bit Axe |
| 12:24 | Construir | Farm |
| 12:26 | Construir | Farm |
| 12:28 | Construir | Farm |
| 12:32 | Construir | Farm |
| 12:34 | Construir | Farm |
| 12:37 | Construir | Farm |
| 12:38 | Crear | Villager (Male) |
| 12:53 | Construir | Fish Trap |
| 12:54 | Crear | Demolition Raft |
| 13:11 | Crear | Villager (Male) |
| 13:22 | Construir | Lumber Camp |
| 13:32 | Crear | Villager (Male) |
| 13:33 | Crear | Villager (Male) |
| 13:43 | Crear | Fishing Ship |
| 13:44 | Crear | Demolition Raft |
| 13:48 | Crear | Demolition Raft |
| 13:49 | Crear | Demolition Raft |
| 13:49 | Crear | Demolition Raft |
| 13:53 | Crear | Fishing Ship |
| 13:54 | Crear | Demolition Raft |
| 13:54 | Crear | Demolition Raft |
| 13:57 | Crear | Trade Cog |
| 14:03 | Crear | Transport Ship |
| 14:20 | Crear | Villager (Male) |
| 14:21 | Crear | Villager (Male) |
| 14:34 | Construir | Fish Trap |
| 14:42 | Crear | Fishing Ship |
| 14:43 | Crear | Villager (Male) |
| 15:26 | Crear | Fishing Ship |
| 15:26 | Crear | Fishing Ship |
| 15:29 | Construir | Fish Trap |
| 15:31 | Crear | Villager (Male) |
| 15:36 | Construir | Farm |
| 15:42 | Construir | Mining Camp |
| 16:15 | Crear | Villager (Male) |
| 16:15 | Crear | Villager (Male) |
| 16:28 | Construir | Farm |
| 16:32 | Construir | Farm |
| 16:46 | Construir | Dock |
| 16:48 | Crear | Villager (Male) |
| 16:48 | Crear | Villager (Male) |
| 17:00 | Construir | Lumber Camp |
| 17:11 | Construir | House |
| 17:26 | Construir | House |
| 17:27 | Construir | House |
| 17:28 | Construir | House |
| 17:29 | Construir | House |
| 17:29 | Construir | House |
| 17:30 | Construir | House |
| 17:30 | Construir | House |
| 17:31 | Construir | House |
| 17:32 | Construir | House |
| 17:33 | Construir | House |
| 17:41 | Construir | House |
| 17:46 | Crear | Villager (Male) |
| 17:54 | Crear | Demolition Raft |
| 17:54 | Crear | Demolition Raft |
| 18:00 | Crear | Fishing Ship |
| 18:03 | Crear | Fishing Ship |
| 18:31 | Crear | Villager (Male) |
| 18:40 | Construir | Market |
| 18:56 | Construir | House |
| 19:07 | Construir | Blacksmith |
| 19:09 | Crear | Villager (Male) |
| 19:27 | Construir | Barracks |
| 19:35 | Crear | Villager (Male) |
| 19:44 | Investigar | Castle Age |
| 20:01 | Construir | Fish Trap |
| 20:04 | Construir | Fish Trap |
| 20:20 | Crear | Fishing Ship |
| 20:20 | Crear | Fishing Ship |
| 20:41 | Construir | House |
| 20:42 | Construir | House |
| 20:43 | Construir | House |
| 20:44 | Construir | House |
| 20:45 | Construir | House |
| 20:45 | Construir | House |
| 20:57 | Investigar | Gold Mining |
| 21:04 | Construir | Fish Trap |
| 21:07 | Construir | Fish Trap |
| 21:14 | Construir | Fish Trap |
| 21:25 | Construir | Fish Trap |
| 21:39 | Crear | Villager (Male) |
| 21:40 | Crear | Villager (Male) |
| 21:45 | Construir | Lumber Camp |
| 22:01 | Crear | Villager (Male) |
| 22:09 | Construir | Fish Trap |
| 22:24 | Edad | Edad de los Castillos |
| 22:26 | Crear | Fishing Ship |
| 22:38 | Construir | Town Center |
| 22:40 | Crear | Villager (Male) |
| 22:42 | Crear | Villager (Male) |
| 22:53 | Construir | Town Center |
| 23:28 | Crear | Villager (Male) |
| 23:28 | Crear | Villager (Male) |
| 23:28 | Crear | Villager (Male) |
| 23:30 | Crear | Villager (Male) |
| 23:40 | Crear | Villager (Male) |
| 23:41 | Crear | Villager (Male) |
| 23:44 | Crear | Villager (Male) |
| 23:44 | Crear | Villager (Male) |
| 23:45 | Crear | Villager (Male) |
| 23:46 | Investigar | Bow Saw |
| 23:54 | Construir | Mining Camp |
| 24:07 | Construir | Town Center |
| 24:15 | Construir | Fish Trap |
| 24:25 | Construir | Outpost |
| 24:41 | Investigar | Stone Mining |
| 24:45 | Construir | Farm |
| 24:51 | Crear | Villager (Male) |
| 24:55 | Construir | Mining Camp |
Build order — Amazambane
Primeras 150 de 264 acciones detectadas
| 0:02 | Crear | Villager (Male) ×4 |
| 0:04 | Investigar | Loom |
| 0:19 | Construir | Palisade Wall |
| 1:13 | Crear | Villager (Male) ×4 |
| 1:20 | Construir | House |
| 1:24 | Construir | House |
| 1:47 | Construir | House |
| 2:20 | Construir | House |
| 2:23 | Construir | House |
| 2:27 | Construir | House |
| 3:20 | Crear | Villager (Male) |
| 3:46 | Crear | Villager (Male) |
| 4:18 | Crear | Villager (Male) |
| 4:18 | Crear | Villager (Male) |
| 4:53 | Crear | Villager (Male) |
| 4:53 | Crear | Villager (Male) |
| 5:11 | Crear | Villager (Male) |
| 5:16 | Construir | Lumber Camp |
| 5:50 | Crear | Villager (Male) |
| 6:13 | Crear | Villager (Male) |
| 7:35 | Crear | Villager (Male) |
| 7:35 | Crear | Villager (Male) |
| 7:35 | Crear | Villager (Male) |
| 7:41 | Crear | Villager (Male) ×2 |
| 8:02 | Construir | Mill |
| 9:47 | Crear | Villager (Male) |
| 9:48 | Crear | Villager (Male) |
| 9:51 | Crear | Villager (Male) |
| 10:35 | Construir | Mill |
| 10:44 | Crear | Villager (Male) |
| 10:44 | Crear | Villager (Male) |
| 11:05 | Construir | Mining Camp |
| 11:08 | Investigar | Feudal Age |
| 12:05 | Crear | Villager (Male) |
| 12:53 | Crear | Villager (Male) |
| 14:03 | Edad | Edad Feudal |
| 14:06 | Construir | Market |
| 14:55 | Construir | Blacksmith |
| 14:58 | Crear | Villager (Male) |
| 15:37 | Investigar | Castle Age |
| 15:54 | Investigar | Double-Bit Axe |
| 15:55 | Investigar | Horse Collar |
| 16:35 | Construir | Barracks |
| 17:32 | Construir | Farm |
| 17:37 | Construir | Farm |
| 17:39 | Construir | Farm |
| 17:42 | Construir | Farm |
| 17:59 | Crear | Villager (Male) |
| 18:00 | Crear | Villager (Male) |
| 18:17 | Edad | Edad de los Castillos |
| 18:34 | Construir | Town Center |
| 18:40 | Crear | Villager (Male) |
| 19:09 | Construir | Lumber Camp |
| 19:13 | Construir | Farm |
| 19:48 | Crear | Villager (Male) |
| 19:52 | Crear | Villager (Male) |
| 19:52 | Crear | Villager (Male) |
| 19:53 | Crear | Villager (Male) |
| 20:05 | Construir | Monastery |
| 20:15 | Crear | Villager (Male) |
| 20:15 | Crear | Villager (Male) |
| 20:16 | Crear | Villager (Male) |
| 20:20 | Investigar | Bow Saw |
| 20:41 | Crear | Villager (Male) |
| 20:55 | Crear | Monk |
| 21:03 | Crear | Villager (Male) |
| 21:17 | Construir | Town Center |
| 21:23 | Crear | Villager (Male) |
| 21:37 | Construir | House |
| 21:38 | Construir | House |
| 21:44 | Construir | House |
| 21:45 | Construir | House |
| 21:46 | Construir | House |
| 21:49 | Crear | Villager (Male) |
| 21:59 | Construir | Farm |
| 21:59 | Construir | Farm |
| 21:59 | Construir | Farm |
| 22:19 | Crear | Villager (Male) |
| 22:26 | Construir | Farm |
| 22:42 | Construir | Farm |
| 22:42 | Construir | Farm |
| 22:43 | Construir | Farm |
| 22:43 | Construir | Farm |
| 22:43 | Construir | Farm |
| 22:50 | Crear | Villager (Male) |
| 22:55 | Crear | Villager (Male) ×5 |
| 23:36 | Crear | Villager (Male) |
| 23:49 | Crear | Villager (Male) |
| 23:52 | Crear | Villager (Male) ×2 |
| 24:02 | Construir | Farm |
| 24:03 | Construir | Farm |
| 24:03 | Construir | Farm |
| 24:18 | Construir | Town Center |
| 24:32 | Investigar | Wheelbarrow |
| 24:55 | Crear | Villager (Male) ×3 |
| 25:14 | Construir | Mill |
| 25:15 | Construir | Farm |
| 25:15 | Construir | Farm |
| 25:15 | Construir | Farm |
| 25:16 | Construir | Farm |
| 25:16 | Construir | Farm |
| 25:16 | Construir | Farm |
| 25:31 | Investigar | Caravan |
| 25:32 | Crear | Trade Cart |
| 25:32 | Crear | Trade Cart |
| 25:32 | Crear | Trade Cart |
| 25:35 | Crear | Trade Cart |
| 25:52 | Crear | Villager (Male) ×2 |
| 25:58 | Crear | Villager (Male) |
| 26:44 | Crear | Villager (Male) ×5 |
| 26:57 | Construir | Mill |
| 26:58 | Construir | Farm |
| 26:58 | Construir | Farm |
| 26:59 | Construir | Farm |
| 27:00 | Construir | Farm |
| 27:07 | Crear | Villager (Male) ×5 |
| 27:25 | Construir | Mining Camp |
| 27:43 | Crear | Villager (Male) |
| 27:44 | Crear | Villager (Male) |
| 27:50 | Construir | Farm |
| 28:04 | Construir | Farm |
| 28:05 | Construir | Farm |
| 28:05 | Construir | Farm |
| 28:06 | Construir | Farm |
| 28:42 | Construir | University |
| 28:48 | Construir | House |
| 29:01 | Construir | House |
| 29:03 | Construir | House |
| 29:04 | Construir | House |
| 29:05 | Construir | House |
| 29:06 | Construir | House |
| 29:07 | Construir | House |
| 29:08 | Construir | House |
| 29:16 | Investigar | Imperial Age |
| 29:17 | Crear | Villager (Male) ×5 |
| 29:22 | Investigar | Stone Mining |
| 29:22 | Investigar | Gold Mining |
| 29:25 | Investigar | Heavy Plow |
| 29:26 | Investigar | Heavy Plow |
| 29:42 | Investigar | Fletching |
| 29:52 | Construir | Stable |
| 29:57 | Crear | Villager (Male) |
| 29:58 | Crear | Villager (Male) |
| 29:58 | Crear | Villager (Male) |
| 29:58 | Crear | Villager (Male) |
| 30:21 | Investigar | Hand Cart |
| 30:41 | Construir | Castle |
| 31:16 | Crear | Villager (Male) |
| 31:16 | Crear | Villager (Male) |
| 31:17 | Crear | Villager (Male) |
Build order — Marcos__2025
Primeras 150 de 393 acciones detectadas
| 0:01 | Crear | Villager (Male) |
| 0:01 | Crear | Villager (Male) |
| 0:01 | Crear | Villager (Male) |
| 0:02 | Crear | Villager (Male) |
| 0:03 | Construir | House |
| 0:04 | Construir | House |
| 1:45 | Construir | Lumber Camp |
| 1:49 | Crear | Villager (Male) |
| 2:10 | Crear | Villager (Male) |
| 2:43 | Crear | Villager (Male) |
| 2:56 | Crear | Villager (Male) |
| 3:25 | Crear | Villager (Male) |
| 3:42 | Crear | Villager (Male) |
| 3:42 | Crear | Villager (Male) |
| 4:02 | Crear | Villager (Male) |
| 4:15 | Construir | House |
| 4:17 | Construir | Mill |
| 4:46 | Crear | Villager (Male) |
| 4:49 | Crear | Villager (Male) |
| 5:24 | Construir | House |
| 5:33 | Crear | Villager (Male) |
| 5:33 | Crear | Villager (Male) |
| 6:12 | Crear | Villager (Male) |
| 6:12 | Crear | Villager (Male) |
| 6:52 | Crear | Villager (Male) |
| 6:53 | Crear | Villager (Male) |
| 7:31 | Construir | Farm |
| 7:33 | Construir | Farm |
| 7:50 | Construir | Mining Camp |
| 7:56 | Construir | Farm |
| 7:58 | Crear | Villager (Male) |
| 8:37 | Investigar | Feudal Age |
| 8:37 | Investigar | Loom |
| 8:45 | Construir | Farm |
| 10:08 | Construir | Farm |
| 10:47 | Edad | Edad Feudal |
| 10:50 | Construir | Market |
| 10:59 | Crear | Villager (Male) |
| 10:59 | Crear | Villager (Male) |
| 11:25 | Construir | Blacksmith |
| 12:25 | Investigar | Castle Age |
| 12:34 | Construir | Farm |
| 12:39 | Construir | Farm |
| 13:27 | Investigar | Double-Bit Axe |
| 13:55 | Investigar | Horse Collar |
| 14:40 | Construir | Stone Wall |
| 14:45 | Construir | Stone Wall |
| 15:04 | Edad | Edad de los Castillos |
| 15:10 | Construir | Town Center |
| 15:30 | Construir | Town Center |
| 15:43 | Investigar | Wheelbarrow |
| 16:21 | Crear | Villager (Male) |
| 16:32 | Construir | Farm |
| 16:36 | Crear | Villager (Male) |
| 16:45 | Construir | House |
| 16:50 | Crear | Villager (Male) |
| 16:51 | Crear | Villager (Male) |
| 16:56 | Crear | Villager (Male) |
| 17:01 | Construir | Farm |
| 17:12 | Construir | Farm |
| 17:21 | Construir | Farm |
| 17:26 | Crear | Villager (Male) |
| 17:38 | Construir | Farm |
| 17:47 | Construir | Farm |
| 17:49 | Crear | Villager (Male) |
| 17:55 | Construir | House |
| 18:01 | Crear | Villager (Male) |
| 18:06 | Construir | Farm |
| 18:16 | Construir | Farm |
| 18:23 | Crear | Villager (Male) |
| 18:26 | Construir | Farm |
| 18:36 | Crear | Villager (Male) |
| 18:42 | Construir | Farm |
| 18:42 | Crear | Villager (Male) |
| 18:48 | Construir | Farm |
| 18:55 | Construir | Farm |
| 19:01 | Crear | Villager (Male) |
| 19:06 | Construir | Farm |
| 19:08 | Crear | Villager (Male) |
| 19:19 | Construir | Farm |
| 19:20 | Crear | Villager (Male) |
| 19:28 | Construir | House |
| 19:29 | Construir | House |
| 19:35 | Crear | Villager (Male) |
| 19:39 | Construir | Farm |
| 19:41 | Crear | Villager (Male) |
| 19:46 | Crear | Villager (Male) |
| 19:59 | Construir | Farm |
| 20:01 | Crear | Villager (Male) |
| 20:06 | Construir | Farm |
| 20:07 | Crear | Villager (Male) |
| 20:13 | Construir | Farm |
| 20:13 | Crear | Villager (Male) |
| 20:23 | Crear | Villager (Male) |
| 20:26 | Crear | Villager (Male) |
| 20:33 | Construir | Farm |
| 20:36 | Crear | Villager (Male) |
| 20:44 | Construir | House |
| 20:45 | Construir | House |
| 20:48 | Crear | Villager (Male) |
| 20:50 | Crear | Villager (Male) |
| 20:54 | Construir | Farm |
| 20:59 | Construir | Farm |
| 21:00 | Crear | Villager (Male) |
| 21:03 | Crear | Villager (Male) |
| 21:10 | Crear | Villager (Male) |
| 21:18 | Construir | Mining Camp |
| 21:23 | Crear | Villager (Male) |
| 21:24 | Crear | Villager (Male) |
| 21:28 | Crear | Villager (Male) |
| 21:38 | Construir | Farm |
| 21:40 | Crear | Villager (Male) |
| 21:50 | Construir | Farm |
| 21:51 | Crear | Villager (Male) |
| 21:51 | Crear | Villager (Male) |
| 22:06 | Investigar | Bow Saw |
| 22:10 | Construir | House |
| 22:14 | Crear | Villager (Male) |
| 22:28 | Construir | Farm |
| 22:33 | Investigar | Heavy Plow |
| 22:36 | Crear | Villager (Male) |
| 22:39 | Crear | Villager (Male) |
| 22:45 | Crear | Villager (Male) |
| 22:49 | Construir | Farm |
| 23:00 | Crear | Villager (Male) |
| 23:01 | Crear | Villager (Male) |
| 23:14 | Construir | Farm |
| 23:24 | Construir | Farm |
| 23:30 | Investigar | Hand Cart |
| 23:36 | Crear | Villager (Male) |
| 23:40 | Crear | Villager (Male) |
| 23:44 | Crear | Villager (Male) |
| 23:49 | Crear | Villager (Male) |
| 23:58 | Crear | Villager (Male) |
| 24:00 | Crear | Villager (Male) |
| 24:17 | Construir | Town Center |
| 24:18 | Crear | Villager (Male) |
| 24:18 | Crear | Villager (Male) |
| 24:19 | Crear | Villager (Male) |
| 24:21 | Construir | Farm |
| 24:23 | Construir | Farm |
| 24:28 | Construir | House |
| 24:29 | Construir | House |
| 24:35 | Crear | Villager (Male) |
| 24:36 | Crear | Villager (Male) |
| 24:44 | Crear | Villager (Male) |
| 24:56 | Crear | Villager (Male) |
| 24:57 | Crear | Villager (Male) |
| 24:58 | Crear | Villager (Male) |
| 25:04 | Construir | Lumber Camp |
Build order — TwoBeers
Primeras 150 de 310 acciones detectadas
| 0:01 | Crear | Villager (Male) |
| 0:01 | Crear | Villager (Male) |
| 0:02 | Crear | Villager (Male) |
| 0:03 | Construir | House |
| 0:04 | Construir | House |
| 0:40 | Crear | Villager (Male) |
| 0:40 | Crear | Villager (Male) |
| 1:21 | Crear | Villager (Male) |
| 1:22 | Crear | Villager (Male) |
| 1:32 | Construir | Lumber Camp |
| 1:35 | Crear | Villager (Male) |
| 1:35 | Crear | Villager (Male) |
| 2:14 | Crear | Villager (Male) |
| 2:14 | Crear | Villager (Male) |
| 2:38 | Crear | Villager (Male) |
| 2:38 | Crear | Villager (Male) |
| 3:07 | Crear | Villager (Male) |
| 3:07 | Crear | Villager (Male) |
| 3:26 | Crear | Villager (Male) |
| 3:27 | Crear | Villager (Male) |
| 3:41 | Construir | House |
| 3:43 | Construir | House |
| 3:47 | Construir | Palisade Wall |
| 3:54 | Crear | Villager (Male) |
| 3:54 | Crear | Villager (Male) |
| 4:53 | Construir | Mill |
| 5:27 | Construir | House |
| 5:36 | Crear | Villager (Male) |
| 5:36 | Crear | Villager (Male) |
| 6:50 | Crear | Villager (Male) |
| 6:50 | Crear | Villager (Male) |
| 7:37 | Crear | Villager (Male) |
| 8:00 | Crear | Villager (Male) |
| 8:00 | Crear | Villager (Male) |
| 8:00 | Crear | Villager (Male) |
| 8:31 | Construir | Mining Camp |
| 8:36 | Crear | Villager (Male) |
| 8:56 | Crear | Villager (Male) |
| 10:07 | Crear | Villager (Male) |
| 10:08 | Crear | Villager (Male) |
| 10:15 | Construir | Farm |
| 10:15 | Construir | Farm |
| 10:15 | Construir | Farm |
| 10:15 | Construir | Farm |
| 10:16 | Construir | Farm |
| 10:16 | Construir | Farm |
| 10:16 | Construir | Farm |
| 10:29 | Construir | Farm |
| 10:48 | Crear | Villager (Male) |
| 11:41 | Crear | Villager (Male) |
| 11:42 | Crear | Villager (Male) |
| 11:45 | Investigar | Feudal Age |
| 11:45 | Investigar | Loom |
| 11:59 | Construir | House |
| 12:15 | Construir | Farm |
| 12:42 | Crear | Villager (Male) |
| 12:58 | Construir | House |
| 13:03 | Crear | Villager (Male) |
| 13:03 | Crear | Villager (Male) |
| 13:55 | Edad | Edad Feudal |
| 14:04 | Construir | Market |
| 14:12 | Construir | Blacksmith |
| 14:30 | Investigar | Double-Bit Axe |
| 14:59 | Investigar | Horse Collar |
| 15:14 | Construir | Palisade Gate |
| 15:29 | Crear | Villager (Male) |
| 15:30 | Crear | Villager (Male) |
| 15:32 | Investigar | Castle Age |
| 15:33 | Crear | Villager (Male) |
| 15:33 | Crear | Villager (Male) |
| 15:43 | Construir | Farm |
| 15:43 | Construir | Farm |
| 15:44 | Construir | Farm |
| 15:44 | Construir | Farm |
| 15:44 | Construir | Farm |
| 16:50 | Construir | Farm |
| 17:03 | Investigar | Stone Mining |
| 17:03 | Investigar | Gold Mining |
| 17:12 | Investigar | Wheelbarrow |
| 17:38 | Crear | Villager (Male) |
| 17:38 | Crear | Villager (Male) |
| 18:12 | Edad | Edad de los Castillos |
| 18:15 | Construir | Town Center |
| 18:24 | Construir | Town Center |
| 18:56 | Crear | Villager (Male) |
| 18:57 | Crear | Villager (Male) |
| 19:19 | Crear | Villager (Male) |
| 19:19 | Crear | Villager (Male) |
| 19:19 | Crear | Villager (Male) |
| 19:34 | Crear | Villager (Male) |
| 19:35 | Crear | Villager (Male) |
| 19:47 | Crear | Villager (Male) |
| 19:47 | Crear | Villager (Male) |
| 19:47 | Crear | Villager (Male) |
| 19:47 | Crear | Villager (Male) |
| 19:51 | Crear | Villager (Male) |
| 19:51 | Crear | Villager (Male) |
| 19:51 | Crear | Villager (Male) |
| 19:52 | Crear | Villager (Male) |
| 20:00 | Crear | Villager (Male) |
| 20:57 | Crear | Villager (Male) |
| 20:57 | Crear | Villager (Male) |
| 20:57 | Crear | Villager (Male) |
| 21:22 | Crear | Villager (Male) |
| 21:22 | Crear | Villager (Male) |
| 21:31 | Construir | Town Center |
| 21:45 | Construir | House |
| 21:47 | Construir | House |
| 22:11 | Crear | Villager (Male) |
| 22:12 | Crear | Villager (Male) |
| 22:12 | Crear | Villager (Male) |
| 22:15 | Crear | Villager (Male) |
| 22:15 | Crear | Villager (Male) |
| 22:16 | Investigar | Hand Cart |
| 22:33 | Crear | Villager (Male) |
| 22:33 | Crear | Villager (Male) |
| 22:33 | Crear | Villager (Male) |
| 22:37 | Crear | Villager (Male) |
| 22:38 | Crear | Villager (Male) |
| 22:40 | Investigar | Heavy Plow |
| 22:45 | Construir | House |
| 22:55 | Crear | Villager (Male) |
| 22:56 | Crear | Villager (Male) |
| 22:56 | Crear | Villager (Male) |
| 22:56 | Crear | Villager (Male) |
| 23:04 | Construir | Monastery |
| 23:09 | Construir | Farm |
| 23:09 | Construir | Farm |
| 23:10 | Construir | Farm |
| 23:10 | Construir | Farm |
| 23:26 | Crear | Villager (Male) |
| 23:27 | Crear | Villager (Male) |
| 23:32 | Crear | Villager (Male) |
| 23:32 | Crear | Villager (Male) |
| 23:39 | Crear | Villager (Male) |
| 23:40 | Crear | Villager (Male) |
| 23:44 | Construir | House |
| 23:46 | Construir | House |
| 23:57 | Construir | Farm |
| 23:58 | Crear | Monk |
| 24:10 | Crear | Villager (Male) |
| 24:10 | Crear | Villager (Male) |
| 24:14 | Construir | House |
| 24:16 | Construir | House |
| 24:20 | Construir | House |
| 24:21 | Construir | House |
| 24:34 | Crear | Villager (Male) |
| 24:35 | Crear | Villager (Male) |
| 24:35 | Crear | Villager (Male) |
| 24:35 | Crear | Villager (Male) |
Build order — 专业下包小能手
Primeras 150 de 322 acciones detectadas
| 0:02 | Crear | Villager (Male) ×4 |
| 0:03 | Construir | House |
| 0:05 | Construir | House |
| 1:36 | Crear | Villager (Male) |
| 1:37 | Crear | Villager (Male) |
| 1:37 | Crear | Villager (Male) |
| 1:44 | Crear | Villager (Male) |
| 1:44 | Crear | Villager (Male) |
| 1:45 | Crear | Villager (Male) |
| 1:45 | Crear | Villager (Male) |
| 1:45 | Crear | Villager (Male) |
| 1:52 | Crear | Villager (Male) |
| 1:52 | Crear | Villager (Male) |
| 1:52 | Crear | Villager (Male) |
| 1:52 | Crear | Villager (Male) |
| 1:52 | Crear | Villager (Male) |
| 1:52 | Crear | Villager (Male) |
| 1:52 | Crear | Villager (Male) |
| 1:52 | Crear | Villager (Male) |
| 1:52 | Crear | Villager (Male) |
| 1:52 | Crear | Villager (Male) |
| 1:52 | Crear | Villager (Male) |
| 1:52 | Crear | Villager (Male) |
| 1:52 | Crear | Villager (Male) |
| 2:14 | Construir | Lumber Camp |
| 2:20 | Crear | Villager (Male) ×2 |
| 2:21 | Crear | Villager (Male) ×2 |
| 3:21 | Crear | Villager (Male) ×2 |
| 3:21 | Crear | Villager (Male) ×2 |
| 3:51 | Construir | House |
| 3:57 | Crear | Villager (Male) ×2 |
| 4:24 | Crear | Villager (Male) |
| 4:48 | Crear | Villager (Male) |
| 5:23 | Crear | Villager (Male) ×2 |
| 5:59 | Crear | Villager (Male) |
| 6:21 | Construir | House |
| 6:32 | Crear | Villager (Male) ×5 |
| 6:48 | Construir | Mill |
| 6:55 | Construir | Mill |
| 7:59 | Construir | Lumber Camp |
| 8:46 | Investigar | Feudal Age |
| 10:20 | Construir | Mining Camp |
| 10:50 | Construir | House |
| 10:51 | Construir | House |
| 11:10 | Crear | Villager (Male) |
| 11:11 | Crear | Villager (Male) |
| 11:21 | Edad | Edad Feudal |
| 11:27 | Construir | Market |
| 11:35 | Construir | Blacksmith |
| 12:10 | Crear | Villager (Male) |
| 12:38 | Investigar | Castle Age |
| 12:40 | Investigar | Wheelbarrow |
| 13:15 | Construir | Lumber Camp |
| 13:25 | Investigar | Double-Bit Axe |
| 13:30 | Investigar | Horse Collar |
| 13:44 | Investigar | Loom |
| 13:45 | Investigar | Town Watch |
| 14:18 | Construir | Farm |
| 14:18 | Construir | Farm |
| 14:18 | Construir | Farm |
| 14:47 | Construir | Farm |
| 14:47 | Construir | Farm |
| 15:18 | Edad | Edad de los Castillos |
| 15:29 | Construir | Town Center |
| 15:55 | Construir | Town Center |
| 16:07 | Investigar | Bow Saw |
| 16:28 | Investigar | Heavy Plow |
| 16:28 | Investigar | Heavy Plow |
| 16:43 | Construir | House |
| 16:44 | Construir | House |
| 16:46 | Construir | House |
| 16:49 | Construir | House |
| 16:51 | Construir | House |
| 17:15 | Crear | Villager (Male) ×4 |
| 17:29 | Crear | Villager (Male) |
| 17:39 | Construir | Farm |
| 17:39 | Construir | Farm |
| 17:40 | Construir | Farm |
| 17:51 | Construir | Farm |
| 17:52 | Crear | Villager (Male) |
| 18:16 | Construir | Farm |
| 18:21 | Crear | Villager (Male) |
| 18:23 | Crear | Villager (Male) |
| 18:34 | Construir | Farm |
| 18:34 | Construir | Farm |
| 18:35 | Construir | Farm |
| 18:35 | Construir | Farm |
| 18:39 | Crear | Villager (Male) |
| 18:44 | Construir | Farm |
| 18:56 | Construir | Farm |
| 18:56 | Construir | Farm |
| 18:56 | Construir | Farm |
| 18:58 | Crear | Villager (Male) |
| 18:58 | Crear | Villager (Male) |
| 19:01 | Crear | Villager (Male) |
| 19:02 | Crear | Villager (Male) |
| 19:12 | Construir | Farm |
| 19:17 | Construir | House |
| 19:18 | Construir | House |
| 19:19 | Construir | House |
| 19:21 | Construir | House |
| 19:22 | Construir | House |
| 19:23 | Construir | House |
| 19:24 | Construir | House |
| 19:29 | Crear | Villager (Male) |
| 19:29 | Crear | Villager (Male) |
| 19:29 | Crear | Villager (Male) |
| 19:39 | Crear | Villager (Male) |
| 19:39 | Crear | Villager (Male) |
| 19:41 | Crear | Villager (Male) |
| 19:41 | Crear | Villager (Male) |
| 19:43 | Crear | Villager (Male) |
| 19:43 | Crear | Villager (Male) |
| 19:52 | Construir | Farm |
| 19:52 | Construir | Farm |
| 19:57 | Crear | Villager (Male) ×2 |
| 19:57 | Crear | Villager (Male) ×2 |
| 20:03 | Construir | Farm |
| 20:17 | Crear | Villager (Male) |
| 20:17 | Crear | Villager (Male) |
| 20:17 | Crear | Villager (Male) ×2 |
| 20:20 | Crear | Villager (Male) |
| 20:21 | Crear | Villager (Male) |
| 20:26 | Construir | Farm |
| 20:28 | Crear | Villager (Male) |
| 20:28 | Crear | Villager (Male) |
| 20:28 | Crear | Villager (Male) |
| 20:28 | Crear | Villager (Male) |
| 20:35 | Construir | Farm |
| 20:36 | Construir | Farm |
| 20:42 | Crear | Villager (Male) |
| 20:43 | Crear | Villager (Male) ×2 |
| 20:43 | Crear | Villager (Male) |
| 20:43 | Crear | Villager (Male) |
| 21:01 | Crear | Villager (Male) ×4 |
| 21:01 | Crear | Villager (Male) ×4 |
| 21:16 | Construir | Farm |
| 21:18 | Construir | Farm |
| 21:22 | Crear | Villager (Male) ×2 |
| 21:22 | Crear | Villager (Male) ×2 |
| 21:36 | Construir | Farm |
| 21:36 | Construir | Farm |
| 21:38 | Crear | Villager (Male) ×4 |
| 21:38 | Crear | Villager (Male) ×4 |
| 21:38 | Crear | Villager (Male) ×4 |
| 21:39 | Crear | Villager (Male) ×4 |
| 21:39 | Crear | Villager (Male) ×4 |
| 21:45 | Construir | Farm |
| 21:52 | Crear | Villager (Male) |
| 21:57 | Construir | Barracks |
Cronología de la partida
| 0:16 | Wolf · wall_segment Palisade Wall x11 |
| 0:19 | Amazambane · wall_segment Palisade Wall x14 |
| 0:25 | Wolf · wall_segment Palisade Wall x11 |
| 0:34 | M B Lamar4686 · wall_segment Palisade Wall x7 |
| 1:03 | Wolf · wall_segment Palisade Wall x1 |
| 1:06 | Wolf · wall_segment Palisade Wall x1 |
| 1:21 | M B Lamar4686 · wall_segment Palisade Wall x5 |
| 1:38 | Wolf · wall_segment Palisade Wall x5 |
| 1:42 | Wolf · wall_segment Palisade Wall x5 |
| 1:43 | Wolf · wall_segment Palisade Wall x1 |
| 2:01 | Wolf · wall_segment Palisade Wall x5 |
| 3:47 | TwoBeers · wall_segment Palisade Wall x2 |
| 5:45 | Ryαn · first_building Dock |
| 8:07 | M B Lamar4686 · wall_segment Palisade Wall x7 |
| 9:42 | Wolf · wall_segment Palisade Wall x1 |
| 9:43 | Wolf · wall_segment Palisade Wall x1 |
| 10:14 | Wolf · wall_segment Palisade Wall x1 |
| 10:37 | Dark_Blade · wall_segment Palisade Wall x9 |
| 10:47 | Marcos__2025 · age_up feudal |
| 10:59 | Wolf · first_building Barracks |
| 11:21 | 专业下包小能手 · age_up feudal |
| 11:49 | Dark_Blade · age_up feudal |
| 12:04 | Ryαn · age_up feudal |
| 12:47 | M B Lamar4686 · first_building Barracks |
| 13:01 | Wolf · age_up feudal |
| 13:07 | Wolf · wall_segment Stone Wall x8 |
| 13:13 | Wolf · wall_segment Stone Wall x11 |
| 13:55 | TwoBeers · age_up feudal |
| 14:03 | Amazambane · age_up feudal |
| 14:27 | M B Lamar4686 · first_building Stable |
| 14:40 | Marcos__2025 · wall_segment Stone Wall x16 |
| 14:45 | Marcos__2025 · wall_segment Stone Wall x10 |
| 15:04 | Marcos__2025 · age_up castle |
| 15:18 | Marcos__2025 · first_market_buy 100 stone |
| 15:18 | 专业下包小能手 · age_up castle |
| 15:33 | Dark_Blade · first_market_buy 100 food |
| 15:34 | Wolf · first_market_sell 100 stone |
| 16:03 | TwoBeers · first_market_buy 100 stone |
| 16:35 | Amazambane · first_building Barracks |
| 16:42 | Wolf · first_building Stable |
| 18:12 | TwoBeers · age_up castle |
| 18:15 | Wolf · age_up castle |
| 18:17 | Amazambane · age_up castle |
| 18:18 | Dark_Blade · age_up castle |
| 18:23 | Amazambane · first_market_buy 100 stone |
| 18:36 | Dark_Blade · first_building Monastery |
| 19:27 | Ryαn · first_building Barracks |
| 19:51 | Wolf · first_market_buy 100 wood |
| 20:05 | Amazambane · first_building Monastery |
| 21:15 | Dark_Blade · first_market_sell 100 wood |
| 21:57 | 专业下包小能手 · first_building Barracks |
| 22:24 | Ryαn · age_up castle |
| 22:46 | Ryαn · first_market_sell 100 food |
| 22:49 | Ryαn · first_market_buy 100 wood |
| 23:04 | TwoBeers · first_building Monastery |
| 23:28 | 专业下包小能手 · first_building Monastery |
| 24:30 | Dark_Blade · age_up imperial |
| 24:37 | M B Lamar4686 · first_building Castle |
| 24:45 | Wolf · first_building Castle |
| 26:13 | Marcos__2025 · first_building Monastery |
| 27:22 | Wolf · wall_segment Palisade Wall x1 |
| 27:27 | Wolf · wall_segment Palisade Wall x1 |
| 27:32 | Wolf · wall_segment Palisade Wall x1 |
| 27:35 | TwoBeers · wall_segment Stone Wall x11 |
| 27:38 | 专业下包小能手 · first_building Stable |
| 27:53 | Dark_Blade · first_building Barracks |
| 29:05 | 专业下包小能手 · first_building Castle |
| 29:42 | Marcos__2025 · first_building Castle |
| 29:47 | 专业下包小能手 · age_up imperial |
| 29:52 | Amazambane · first_building Stable |
| 30:08 | Marcos__2025 · age_up imperial |
| 30:19 | TwoBeers · first_building Barracks |
| 30:26 | Marcos__2025 · first_building Barracks |
| 30:41 | Amazambane · first_building Castle |
| 31:14 | TwoBeers · first_building Castle |
| 31:21 | Marcos__2025 · first_building Siege Workshop |
| 31:38 | Marcos__2025 · first_building Archery Range |
| 31:45 | Ryαn · first_building Castle |
| 32:10 | TwoBeers · age_up imperial |
| 32:14 | TwoBeers · first_building Stable |
| 32:15 | TwoBeers · first_building Archery Range |
| 32:26 | Amazambane · age_up imperial |
| 32:43 | Wolf · age_up imperial |
| 33:05 | Marcos__2025 · first_building Stable |
| 34:19 | M B Lamar4686 · wall_segment Stone Wall x8 |
| 34:26 | M B Lamar4686 · wall_segment Stone Wall x8 |
| 35:27 | Amazambane · first_building Siege Workshop |
| 37:46 | TwoBeers · wall_segment Stone Wall x10 |
| 38:25 | Ryαn · age_up imperial |
| 40:08 | Amazambane · first_market_sell 100 food |
| 40:13 | Wolf · resign |
| 40:19 | Dark_Blade · first_building Archery Range |
| 42:48 | Dark_Blade · first_building Castle |
| 44:13 | Amazambane · first_building Archery Range |
[ ANÁLISIS IA · 1 CRÉDITO ]
¿Qué pasó realmente en esta partida?
Wolo.gg analiza cada decisión: build order, eco, micro, errores típicos por bracket. Análisis personalizado por WhatsApp o Discord en 30 segundos.
Guía civ
Francos
Perfil
Wolf